| TOP OF THE 1ST |
|
Hagerstown Suns batting - Pitching for Greensboro Grasshoppers : RHP Zack Evans
|
|
Pitching: RHP Zack Evans
|
|
|
Batting: SHB Dan Castaneda
|
0-0: Swinging Strike 0-1: Ball 1-1: Ball 2-1: Foul Ball, location: 2F 2-2: Strikes out swinging
|
|
Batting: RHB Pat Drader
|
0-0: Fly out, F2 (Popup, 3SF, EV 68.1 MPH)
|
|
Batting: LHB John Luke
|
0-0: Ball 1-0: Ball 2-0: Ball 3-0: Called Strike 3-1: SOLO HOME RUN (Flyball, 9D, EV 98.1 MPH), Distance : 384 ft
|
|
Batting: RHB Kevin Wick
|
0-0: Ball 1-0: Ball 2-0: Called Strike 2-1: Foul Ball, location: 2F 2-2: Foul Ball, location: 2F 2-2: DOUBLE (Flyball, 8RXD, EV 104.4 MPH)
|
|
Batting: SHB Kyle Larson
|
0-0: Called Strike 0-1: Ball 1-1: Ball 2-1: SINGLE (Groundball, 34D, EV 95.0 MPH) Kevin Wick to third Runner from 3rd tries for Home, throw by RF and OUT! 9-2
|
| Top of the 1st over - 1 run, 3 hits, 0 errors, 1 left on base; Hagerstown 1 - Greensboro 0 |
| BOTTOM OF THE 1ST |
|
Greensboro Grasshoppers batting - Pitching for Hagerstown Suns : RHP Jonathan Arce
|
|
Pitching: RHP Jonathan Arce
|
|
|
Batting: RHB Tom Thompson
|
0-0: Foul Ball, location: 2F 0-1: Ball 1-1: Foul Ball, location: 2F 1-2: Foul Ball, location: 2F 1-2: Foul Ball, location: 2F 1-2: Ball 2-2: Ground out 6-3 (Groundball, 6MD, EV 78.1 MPH)
|
|
Batting: RHB Torquato Obawole
|
0-0: Called Strike 0-1: Ball 1-1: Foul Ball, location: 2F 1-2: Foul Ball, location: 2F 1-2: Fly out, F7 (Line Drive, 7, EV 90.0 MPH)
|
|
Batting: RHB Isaiah Brockman
|
0-0: Ball 1-0: Foul Ball, location: 2F 1-1: Swinging Strike 1-2: DOUBLE (Groundball, 5L, EV 109.4 MPH)
|
|
Batting: RHB Jake Shelton
|
0-0: Called Strike 0-1: Ground out 6-3 (Groundball, 6, EV 110.0 MPH)
|
| Bottom of the 1st over - 0 runs, 1 hit, 0 errors, 1 left on base; Hagerstown 1 - Greensboro 0 |
| TOP OF THE 2ND |
|
Hagerstown Suns batting - Pitching for Greensboro Grasshoppers : RHP Zack Evans
|
|
Batting: RHB John McNeill
|
0-0: Ball 1-0: Called Strike 1-1: Foul Ball, location: 2F 1-2: Foul Ball, location: 2F 1-2: Ball 2-2: Ball 3-2: Foul Ball, location: 2F 3-2: Ground out 4-3 (Groundball, 4, EV 78.8 MPH)
|
|
Batting: RHB Felix Torres
|
0-0: Ball 1-0: Ball 2-0: TRIPLE (Flyball, 89XD, EV 93.8 MPH)
|
|
Batting: RHB Josh Courtney
|
0-0: Called Strike 0-1: Swinging Strike 0-2: Ball 1-2: Strikes out swinging
|
|
Batting: RHB Scott Skoglund
|
0-0: Ball 1-0: Ball 2-0: Ball 3-0: Called Strike 3-1: Ground out 6-3 (Groundball, 56, EV 85.0 MPH)
|
| Top of the 2nd over - 0 runs, 1 hit, 0 errors, 1 left on base; Hagerstown 1 - Greensboro 0 |
| BOTTOM OF THE 2ND |
|
Greensboro Grasshoppers batting - Pitching for Hagerstown Suns : RHP Jonathan Arce
|
|
Batting: RHB Boof Howell
|
0-0: Fly out, F7 (Flyball, 7D, EV 107.5 MPH)
|
|
Batting: RHB Masumitsu Sugiura
|
0-0: Called Strike 0-1: Ball 1-1: Ball 2-1: Ground out U3 (Groundball, 3, EV 81.9 MPH)
|
|
Batting: RHB Jordan Arcidez
|
0-0: Ball 1-0: Swinging Strike 1-1: Ball 2-1: Ball 3-1: Fly out, F7 (Line Drive, 7, EV 108.8 MPH)
|
| Bottom of the 2nd over - 0 runs, 0 hits, 0 errors, 0 left on base; Hagerstown 1 - Greensboro 0 |
| TOP OF THE 3RD |
|
Hagerstown Suns batting - Pitching for Greensboro Grasshoppers : RHP Zack Evans
|
|
Batting: SHB Dan Castaneda
|
0-0: Ground out 5-3 (Groundball, 56D, EV 86.3 MPH)
|
|
Batting: RHB Pat Drader
|
0-0: Ground out 6-3 (Groundball, 6, EV 102.5 MPH)
|
|
Batting: LHB John Luke
|
0-0: SINGLE (Line Drive, 78S, EV 92.5 MPH)
|
|
Batting: RHB Kevin Wick
|
0-0: Swinging Strike 0-1: Fly out, F9 (Flyball, 9D, EV 85.6 MPH)
|
| Top of the 3rd over - 0 runs, 1 hit, 0 errors, 1 left on base; Hagerstown 1 - Greensboro 0 |
| BOTTOM OF THE 3RD |
|
Greensboro Grasshoppers batting - Pitching for Hagerstown Suns : RHP Jonathan Arce
|
|
Batting: RHB Bob Raine
|
0-0: Ball 1-0: Ground out U3 (Groundball, 34, EV 81.3 MPH)
|
|
Batting: RHB Wei-guo Tsu
|
0-0: Ball 1-0: Ball 2-0: Ball 3-0: Base on Balls
|
|
Batting: RHB Tom Thompson
|
0-0: Ball 1-0: Ball 2-0: Called Strike 2-1: Ball Wei-guo Tsu steals 2nd base 3-1: Swinging Strike 3-2: Strikes out swinging
|
|
Batting: RHB Torquato Obawole
|
0-0: Called Strike 0-1: Swinging Strike 0-2: SINGLE (Flyball, 8RS, EV 95.0 MPH) Wei-guo Tsu to third Runner from 3rd tries for Home, SAFE, throw by CF to home
|
|
Batting: RHB Isaiah Brockman
|
0-0: Called Strike 0-1: Called Strike Torquato Obawole is caught stealing 2nd base 2-4
|
| Bottom of the 3rd over - 1 run, 1 hit, 0 errors, 0 left on base; Hagerstown 1 - Greensboro 1 |
| TOP OF THE 4TH |
|
Hagerstown Suns batting - Pitching for Greensboro Grasshoppers : RHP Zack Evans
|
|
Batting: SHB Kyle Larson
|
0-0: Called Strike 0-1: Foul Ball, location: 2F 0-2: Fly out, F8 (Line Drive, 8LD, EV 103.1 MPH)
|
|
Batting: RHB John McNeill
|
0-0: Ball 1-0: Called Strike 1-1: TRIPLE (Flyball, 9LD, EV 111.9 MPH)
|
|
Batting: RHB Felix Torres
|
0-0: Ball 1-0: Called Strike 1-1: Called Strike 1-2: Foul Ball, location: 2F 1-2: SINGLE (Line Drive, 9S, EV 106.3 MPH) John McNeill scores
|
|
Batting: RHB Josh Courtney
|
0-0: Called Strike 0-1: Foul Ball, location: 2F 0-2: Strikes out swinging
|
|
Batting: RHB Scott Skoglund
|
0-0: Ball Felix Torres steals 2nd base 1-0: Called Strike 1-1: Swinging Strike 1-2: Strikes out looking
|
| Top of the 4th over - 1 run, 2 hits, 0 errors, 1 left on base; Hagerstown 2 - Greensboro 1 |
| BOTTOM OF THE 4TH |
|
Greensboro Grasshoppers batting - Pitching for Hagerstown Suns : RHP Jonathan Arce
|
|
Batting: RHB Isaiah Brockman
|
0-0: Fly out, F3 (Line Drive, 3, EV 70.0 MPH)
|
|
Batting: RHB Jake Shelton
|
0-0: Foul Ball, location: 2F 0-1: Called Strike 0-2: Fly out, F7 (Flyball, 7LD, EV 86.3 MPH)
|
|
Pitching: RHP Jon Baily
|
|
|
Batting: RHB Boof Howell
|
0-0: Ball 1-0: Fly out, F7 (Flyball, 7LS, EV 93.1 MPH)
|
| Bottom of the 4th over - 0 runs, 0 hits, 0 errors, 0 left on base; Hagerstown 2 - Greensboro 1 |
| TOP OF THE 5TH |
|
Hagerstown Suns batting - Pitching for Greensboro Grasshoppers : RHP Zack Evans
|
|
Batting: SHB Dan Castaneda
|
0-0: Called Strike 0-1: Ground out U3 (Groundball, 3S, EV 85.6 MPH)
|
|
Batting: RHB Pat Drader
|
0-0: Fly out, F7 (Flyball, 7S, EV 86.3 MPH)
|
|
Batting: LHB John Luke
|
0-0: Called Strike 0-1: Called Strike 0-2: SINGLE (Groundball, 4D, EV 98.8 MPH)
|
|
Batting: RHB Kevin Wick
|
0-0: Fly out, F8 (Flyball, 78M, EV 88.1 MPH)
|
| Top of the 5th over - 0 runs, 1 hit, 0 errors, 1 left on base; Hagerstown 2 - Greensboro 1 |
| BOTTOM OF THE 5TH |
|
Greensboro Grasshoppers batting - Pitching for Hagerstown Suns : RHP Jon Baily
|
|
Batting: RHB Masumitsu Sugiura
|
0-0: Ball 1-0: Ball 2-0: Ball 3-0: Called Strike 3-1: SINGLE (Groundball, 6MD, EV 106.3 MPH)
|
|
Batting: RHB Jordan Arcidez
|
0-0: Ball 1-0: Grounds into double play, 6-4-3 (Groundball, 6, EV 81.9 MPH)
|
|
Batting: RHB Bob Raine
|
0-0: Ball 1-0: Ball 2-0: Foul Ball, location: 2F 2-1: Ball 3-1: Base on Balls
|
|
Batting: RHB Wei-guo Tsu
|
0-0: Ball 1-0: Ground out U3 (Groundball, 34, EV 91.9 MPH)
|
| Bottom of the 5th over - 0 runs, 1 hit, 0 errors, 1 left on base; Hagerstown 2 - Greensboro 1 |
| TOP OF THE 6TH |
|
Hagerstown Suns batting - Pitching for Greensboro Grasshoppers : RHP Zack Evans
|
|
Batting: SHB Kyle Larson
|
0-0: Ball 1-0: SOLO HOME RUN (Line Drive, 9D, EV 110.6 MPH), Distance : 413 ft
|
|
Batting: RHB John McNeill
|
0-0: Called Strike 0-1: DOUBLE (Line Drive, 7LS, EV 98.8 MPH)
|
|
Batting: RHB Felix Torres
|
0-0: Ball 1-0: Fly out, F9 (Flyball, 9S, EV 88.8 MPH)
|
|
Batting: RHB Josh Courtney
|
0-0: 2-RUN HOME RUN (Flyball, 89XD, EV 104.4 MPH), Distance : 427 ft
|
|
Pitching: RHP Chris Forster
|
|
|
Batting: RHB Scott Skoglund
|
0-0: Ball 1-0: Foul Ball, location: 2F 1-1: Ball 2-1: Ball 3-1: Ground out 4-3 (Groundball, 34, EV 106.9 MPH)
|
|
Batting: SHB Dan Castaneda
|
0-0: Called Strike 0-1: Ball 1-1: Called Strike 1-2: Ball 2-2: SINGLE (Groundball, 34S, EV 72.5 MPH) (infield hit)
|
|
Batting: RHB Pat Drader
|
0-0: Called Strike Dan Castaneda steals 2nd, throwing error, E2 Dan Castaneda to third 0-1: SINGLE (Groundball, 4MD, EV 103.1 MPH) Dan Castaneda scores
|
|
Batting: LHB John Luke
|
0-0: Ball Pat Drader steals 2nd base 1-0: Foul Ball, location: 2F 1-1: Ball 2-1: Foul Ball, location: 2F 2-2: Foul Ball, location: 2F 2-2: SINGLE (Flyball, 78M, EV 95.6 MPH) Pat Drader to third Runner from 3rd tries for Home, throw by CF and OUT! 8-2
|
| Top of the 6th over - 4 runs, 6 hits, 1 error, 1 left on base; Hagerstown 6 - Greensboro 1 |
| BOTTOM OF THE 6TH |
|
Greensboro Grasshoppers batting - Pitching for Hagerstown Suns : RHP Jon Baily
|
|
Batting: RHB Tom Thompson
|
0-0: Called Strike 0-1: Ball 1-1: Ball 2-1: DOUBLE (Line Drive, 78M, EV 99.4 MPH)
|
|
Batting: RHB Torquato Obawole
|
0-0: Ball 1-0: Called Strike 1-1: Ball 2-1: Foul Ball, location: 2F 2-2: Ball 3-2: Base on Balls
|
|
Batting: RHB Isaiah Brockman
|
0-0: Grounds into double play, 4-6-3 (Groundball, 4M, EV 102.5 MPH) Tom Thompson to third
|
|
Batting: RHB Jake Shelton
|
0-0: Called Strike 0-1: Ball 1-1: Ball Passed Ball! Tom Thompson scores 2-1: Ball 3-1: Swinging Strike 3-2: Strikes out swinging
|
| Bottom of the 6th over - 1 run, 1 hit, 0 errors, 0 left on base; Hagerstown 6 - Greensboro 2 |
| TOP OF THE 7TH |
|
Hagerstown Suns batting - Pitching for Greensboro Grasshoppers : RHP Chris Forster
|
|
Pitching: LHP Nick Gore
|
|
|
Batting: RHB Kevin Wick
|
0-0: Called Strike 0-1: Ball 1-1: Ball 2-1: Fly out, F7 (Flyball, 78D, EV 85.6 MPH)
|
|
Batting: SHB Kyle Larson
|
0-0: Swinging Strike 0-1: Ball 1-1: Ball 2-1: Swinging Strike 2-2: Ball 3-2: Strikes out looking
|
|
Batting: RHB John McNeill
|
0-0: Fly out, F7 (Line Drive, 7, EV 91.9 MPH)
|
| Top of the 7th over - 0 runs, 0 hits, 0 errors, 0 left on base; Hagerstown 6 - Greensboro 2 |
| BOTTOM OF THE 7TH |
|
Greensboro Grasshoppers batting - Pitching for Hagerstown Suns : RHP Jon Baily
|
|
Pitching: RHP Alpha Miller
|
|
|
Batting: RHB Boof Howell
|
0-0: Called Strike 0-1: Called Strike 0-2: Foul Ball, location: 2F 0-2: Ball 1-2: Ball 2-2: Strikes out swinging
|
|
Batting: RHB Masumitsu Sugiura
|
0-0: Foul Ball, location: 2F 0-1: Ground out U3 (Groundball, 13, EV 87.5 MPH)
|
|
Batting: RHB Jordan Arcidez
|
0-0: Called Strike 0-1: Ball 1-1: Ball 2-1: Ball 3-1: Foul Ball, location: 2F 3-2: SOLO HOME RUN (Line Drive, 7D, EV 100.0 MPH), Distance : 387 ft
|
|
Batting: RHB Bob Raine
|
0-0: Called Strike 0-1: Ball 1-1: Swinging Strike 1-2: Strikes out swinging
|
| Bottom of the 7th over - 1 run, 1 hit, 0 errors, 0 left on base; Hagerstown 6 - Greensboro 3 |
| TOP OF THE 8TH |
|
Hagerstown Suns batting - Pitching for Greensboro Grasshoppers : LHP Nick Gore
|
|
Batting: RHB Felix Torres
|
0-0: SINGLE (Groundball, 4M, EV 96.9 MPH) (infield hit)
|
|
Batting: RHB Josh Courtney
|
0-0: Ball 1-0: Ball 2-0: Foul Ball, location: 2F 2-1: Foul Ball, location: 2F 2-2: Strikes out swinging
|
|
Batting: RHB Scott Skoglund
|
0-0: Fielders Choice at 2nd, 5-4 (Groundball, 56, EV 81.3 MPH)
|
|
Batting: SHB Dan Castaneda
|
0-0: Called Strike 0-1: Foul Ball, location: 2F 0-2: Fly out, F4 (Flyball, 4D, EV 91.9 MPH)
|
| Top of the 8th over - 0 runs, 1 hit, 0 errors, 1 left on base; Hagerstown 6 - Greensboro 3 |
| BOTTOM OF THE 8TH |
|
Greensboro Grasshoppers batting - Pitching for Hagerstown Suns : RHP Alpha Miller
|
|
Pitching: LHP Kerry Baty
|
|
|
Batting: RHB Wei-guo Tsu
|
0-0: Ball 1-0: Foul Ball, location: 2F 1-1: Swinging Strike 1-2: Foul Ball, location: 2F 1-2: Foul Ball, location: 2F 1-2: Ball 2-2: Strikes out swinging
|
|
Batting: RHB Tom Thompson
|
0-0: Fly out, F8 (Flyball, 8LD, EV 106.3 MPH)
|
|
Batting: RHB Torquato Obawole
|
0-0: Ball 1-0: Swinging Strike 1-1: Swinging Strike 1-2: Strikes out looking
|
| Bottom of the 8th over - 0 runs, 0 hits, 0 errors, 0 left on base; Hagerstown 6 - Greensboro 3 |
| TOP OF THE 9TH |
|
Hagerstown Suns batting - Pitching for Greensboro Grasshoppers : LHP Nick Gore
|
|
Pitching: RHP Marco Quezada
|
|
|
Batting: RHB Pat Drader
|
0-0: Foul Ball, location: 2F 0-1: Ball 1-1: Ball 2-1: Ball 3-1: Base on Balls
|
|
Batting: LHB John Luke
|
0-0: Ball 1-0: Ball Pat Drader steals 2nd base 2-0: Intentional Walk
|
|
Batting: RHB Kevin Wick
|
0-0: SINGLE (Groundball, 6MD, EV 103.1 MPH) Pat Drader to third John Luke to second Runner from 3rd tries for Home, SAFE, throw by CF to home
|
|
Batting: SHB Kyle Larson
|
0-0: Foul Ball, location: 2F 0-1: Swinging Strike 0-2: Strikes out looking
|
|
Batting: RHB John McNeill
|
0-0: SINGLE (Groundball, 34D, EV 98.8 MPH) John Luke to third Kevin Wick to second Runner from 3rd tries for Home, SAFE, throw by RF to home
|
|
Batting: RHB Felix Torres
|
0-0: Foul Ball, location: 2F 0-1: Ball 1-1: Ball 2-1: Foul Ball, location: 2F 2-2: Foul Ball, location: 2F 2-2: Grounds into double play, 5-4-3 (Groundball, 56, EV 107.5 MPH)
|
| Top of the 9th over - 2 runs, 2 hits, 0 errors, 1 left on base; Hagerstown 8 - Greensboro 3 |
| BOTTOM OF THE 9TH |
|
Greensboro Grasshoppers batting - Pitching for Hagerstown Suns : LHP Kerry Baty
|
|
Batting: RHB Isaiah Brockman
|
0-0: Ball 1-0: Ball 2-0: Fly out, F7 (Flyball, 78M, EV 89.4 MPH)
|
|
Batting: RHB Jake Shelton
|
0-0: Called Strike 0-1: Ball 1-1: Foul Ball, location: 2F 1-2: Ball 2-2: Ground out 4-3 (Groundball, 4M, EV 86.3 MPH)
|
|
Batting: RHB Boof Howell
|
0-0: Foul Ball, location: 2F 0-1: Foul Ball, location: 2F 0-2: Ball 1-2: Foul Ball, location: 2F 1-2: Ball 2-2: Ball 3-2: Strikes out swinging
|
| Bottom of the 9th over - 0 runs, 0 hits, 0 errors, 0 left on base; Hagerstown 8 - Greensboro 3 |
|